 Dungeon Sprint DCSS version 0.19.5 (webtiles) character file.

36 equalderp2856 the Scratcher (level 3, -4/18 HPs)
             Began as a Felid Fighter on Mar 10, 2017.
             Was an Initiate of Gozag.
             Slain by a fire bat (6 damage)
             ... in the Dungeon (Sprint VII: "The Pits").
             The game lasted 00:01:09 (320 turns).

equalderp2856 the Scratcher (Felid Fighter)          Turns: 320, Time: 00:01:10

Health: -4/18      AC:  1    Str: 13    XL:     3   Next: 19%
Magic:  4/4        EV: 20    Int:  9    God:    Gozag
Gold:   360        SH:  0    Dex: 15    Spells: 0 memorised, 2 levels left
                                        Lives:  0   Deaths: 0

rFire  . . .     SeeInvis +       - Unarmed
rCold  . . .     Gourm    .     (armour unavailable)
rNeg   . . .     Faith    .     (shield unavailable)
rPois  .         Spirit   .     (helmet unavailable)
rElec  .         Reflect  .     (cloak unavailable)
rCorr  .         Harm     .     (gloves unavailable)
MR     .....     NoTele   +     (boots unavailable)
Stlth  ++........               (no amulet)
                                (no ring)
                                (no ring)

@: quick
A: no armour, no weapons or thrown items, stealth, claws 1, fangs 3, see
invisible, carnivore 3, speed 1, shaggy fur 1, slow metabolism 1, sharp paws
a: Potion Petition, Call Merchant, Bribe Branch, Renounce Religion


You were in the Dungeon.
You worshipped Gozag.
Gozag was aware of your devotion.
You were not hungry.

You visited 1 branch You collected 360 gold pieces.

Inventory:

Scrolls
 h - a scroll of blinking
 j - 3 scrolls of remove curse
 k - 5 scrolls of amnesia
 l - a scroll of summoning
Potions
 a - a potion of might
 c - 6 potions of curing
 d - 6 potions of heal wounds
 e - a potion of haste
 f - 4 potions of magic
 g - 3 potions of berserk rage
 i - 2 potions of invisibility
Comestibles
 b - 8 meat rations


   Skills:
 + Level 4.0 Fighting
 + Level 5.5 Dodging
 + Level 1.9 Stealth
 + Level 6.2 Unarmed Combat


You had 2 spell levels left.
You didn't know any spells.

Dungeon Overview and Level Annotations

Branches:
Dungeon (1/1)

Altars:
Ashenzari
Cheibriados
Dithmenos
Elyvilon
Fedhas
Gozag
Hepliaklqana
Kikubaaqudgha
Makhleb
Nemelex Xobeh
Okawaru
Qazlal
Ru
Sif Muna
Trog
Uskayaw
Vehumet
Xom
Yredelemnul
Zin
The Shining One
Beogh
Jiyva
Lugonu


Innate Abilities, Weirdness & Mutations

You cannot wear armour.
You are incapable of wielding weapons or throwing items.
Your paws allow you to move quietly. (Stealth)
You have sharp claws.
You have razor-sharp teeth.
You have supernaturally acute eyesight. (SInv)
You are carnivorous and can eat meat at any time.
You cover ground quickly.
You are covered in fur. (AC +1)
You have a slow metabolism.
Your sharp claws are effective at attacking unaware monsters.


Message History

You open the door.
There is an open door here.
You open the door.
A fire bat and 4 wights come into view.
A wight is wielding a spear of freezing. 3 wights come into view.
The fire bat bites you.
You are engulfed in flames.
The fire bat completely misses you.
There is an open door here.
A wight comes into view. It is wielding an enchanted halberd.
The fire bat closely misses you.
A warg comes into view.
The fire bat bites you.
You are engulfed in flames.
The fire bat misses you.
There is an open door here.
The warg howls!
The fire bat bites you.
* * * LOW HITPOINT WARNING * * *
You are engulfed in flames.
You die...
Your body crumbles into a pile of gold.

#'#####'#####.....
#.#..#.....##.....
#.#))#####'#####'#
#.#))#...).##.....
#.#))#.....##.....
#.#[[###'####.....
#.##'#.....##...<.
#.#........##.....
#@#........##.....
#b###########.....
#..# ######
#.zh....#
##.#.#.## z.z..
5#z#z# z..z..# .#
#.z+


You could see a warg, a fire bat, 5 wights and an ufetubus (wandering).

Vanquished Creatures
  An iguana (D)
  A ball python (D)
  3 bats (D)
  A bat zombie (D)
  2 goblins (D)
  A kobold (D)
9 creatures vanquished.

Notes
Turn   | Place    | Note
-------+----------+-------------------------------------------
     0 | D        | equalderp2856 the Felid Fighter began the quest for the Orb.
     0 | D        | Reached XP level 1. HP: 10/10 MP: 2/2
    19 | D        | Found a radiant altar of Vehumet.
    19 | D        | Found a hide-covered altar of Uskayaw.
    19 | D        | Found an ancient bone altar of Kikubaaqudgha.
    19 | D        | Found a viscous altar of Jiyva.
    19 | D        | Found a hazy altar of Hepliaklqana.
    20 | D        | Found a bloodstained altar of Trog.
    20 | D        | Found a deep blue altar of Sif Muna.
    20 | D        | Found a sacrificial altar of Ru.
    20 | D        | Found a stormy altar of Qazlal.
    20 | D        | Found an iron altar of Okawaru.
    20 | D        | Found a sparkling altar of Nemelex Xobeh.
    20 | D        | Found an opulent altar of Gozag.
    20 | D        | Found a blossoming altar of Fedhas.
    20 | D        | Found a white marble altar of Elyvilon.
    20 | D        | Found a shadowy altar of Dithmenos.
    20 | D        | Found a snail-covered altar of Cheibriados.
    21 | D        | Found a glowing golden altar of the Shining One.
    21 | D        | Found a glowing silver altar of Zin.
    22 | D        | Found a burning altar of Makhleb.
    22 | D        | Found a basalt altar of Yredelemnul.
    22 | D        | Found a roughly hewn altar of Beogh.
    23 | D        | Found a corrupted altar of Lugonu.
    23 | D        | Found a shimmering altar of Xom.
    23 | D        | Found a shattered altar of Ashenzari.
    26 | D        | Became a worshipper of Gozag Ym Sagoz the Greedy
    84 | D        | Reached skill level 1 in Stealth
    95 | D        | Noticed an iguana
    97 | D        | Reached XP level 2. HP: 11/14 MP: 3/3
   106 | D        | Reached skill level 5 in Unarmed Combat
   249 | D        | Reached skill level 5 in Dodging
   249 | D        | Reached skill level 6 in Unarmed Combat
   249 | D        | Reached XP level 3. HP: 18/18 MP: 4/4
   316 | D        | Noticed a fire bat
   319 | D        | Noticed a warg
   320 | D        | Slain by a fire bat

Skill      XL: |  1  2 |
---------------+-------+-----
Stealth        | 1 |  1.9
Unarmed Combat | 6 |  6.2
Fighting       | 4 |  4.0
Dodging        | 5 |  5.5

Action                   || total
-------------------------++-------
Melee: Unarmed           ||    17
       Bite              ||     2
 Stab: Sleeping          ||     3
Armor: Skin              ||     3
Dodge: Dodged            ||    24
